 Dungeon Sprint DCSS version 0.18-a0-1390-gc02854d (webtiles) character file.

257 Kidiri the Covert (level 5, -5/40 HPs)
             Began as a Spriggan Enchanter on Feb 22, 2016.
             Slain by a neqoxec (9 damage)
             ... in the Dungeon (Sprint II: "The Violet Keep of Menkaure").
             The game lasted 00:01:02 (28 turns).

Kidiri the Covert (Spriggan Enchanter)                Turns: 28, Time: 00:01:02

Health: -5/40      AC:  2    Str:  9    XL:     5   Next: 93%
Magic:  6/15       EV: 22    Int: 15    God:
Gold:   0          SH:  0    Dex: 15    Spells: 1 memorised, 16 levels left

rFire  . . .     SeeInvis +     a - +1 dagger
rCold  . . .     Gourm    .     b - +1 robe
rNeg   . . .     Faith    .     (shield restricted)
rPois  .         Spirit   .     (helmet restricted)
rElec  .         Dismiss  .     (no cloak)
rCorr  .         Reflect  .     (gloves unavailable)
SustAt .         Harm     .     (boots unavailable)
MR     .....     NoTele   +     (no amulet)
Stlth  ..........               (no ring)
                                (no ring)

@: berserking (expiring), very quick, not resistant to hostile enchantments,
extremely unstealthy
A: unfitting armour, see invisible, clumsy 1, deformed body, dopey 1, herbivore
3, speed 3, slow metabolism 2, subdued magic 2
a: no special abilities


You were in the Dungeon.
You were not hungry.

You visited 1 branch

Inventory:

Hand Weapons
 a - a +1 dagger (weapon)
Armour
 b - a +1 robe (worn)
Scrolls
 j - a scroll of blinking
Potions
 e - a potion of curing
 f - a potion of heal wounds
 g - a potion of haste
 h - 2 potions of magic
Books
 c - a book of Maledictions

   Spells                             Type                      Level
   a - Corona                         Hexes                        1
   b - Ensorcelled Hibernation        Hexes/Ice                    2
   c - Confuse                        Hexes                        3
   d - Tukima's Dance                 Hexes                        3
   e - Dazzling Spray                 Conjuration/Hexes            3
Comestibles
 d - a bread ration


   Skills:
 + Level 2.6 Fighting
 * Level 5.7 Short Blades
 + Level 2.4 Armour
 * Level 8.0 Dodging
 * Level 9.3 Stealth
 * Level 6.8 Spellcasting
 + Level 5.7 Hexes


You had 16 spell levels left.
You knew the following spells:

 Your Spells              Type           Power        Failure   Level  Hunger
a - Corona                Hex            ##.....      0%          1    None


Dungeon Overview and Level Annotations

Branches:
Dungeon (1/1)

Altars:


Innate Abilities, Weirdness & Mutations

You are tiny and cannot use many weapons and most armour.
You have supernaturally acute eyesight.
You are an herbivore.
You cover ground extremely quickly.
You need consume almost no food.
You are clumsy. (Dex -2)
Armour fits poorly on your strangely shaped body.
You are dopey. (Int -2)
Your spells are easier to cast, but less powerful.


Message History

The neqoxec gestures at you.
Strange energies course through your body.
Your connection to magic feels more subdued.
The neqoxec gestures at you.
Strange energies course through your body.
Your body twists and deforms.
You hit the neqoxec.
The neqoxec is almost dead.
You hit the neqoxec.
You kill the neqoxec!
Your Short Blades skill increases to level 5!
Your Armour skill increases to level 2!
Your Dodging skill gained 2 levels and is now at level 8!
Your Stealth skill gained 2 levels and is now at level 9!
Your Spellcasting skill increases to level 6!
You have reached level 5!
You feel clever.
The iron imp disappears in a puff of smoke!
The neqoxec hits you!
You die...

## ##
##. .##
.m#.. #
... #H
#+#
#.##.##
#+.<.+
#.##ยง##
#H #@# #
#3$3#
#5##5.#
## ###


You could see 2 neqoxecs, a crimson imp and a white imp.

Vanquished Creatures
  2 neqoxecs (D)
2 creatures vanquished.

Notes
Turn   | Place    | Note
--------------------------------------------------------------
     0 | D        | Kidiri the Spriggan Enchanter began the quest for the Orb.
     0 | D        | Reached XP level 1. HP: 9/9 MP: 5/5
     1 | D        | Noticed a siren
     4 | D        | Noticed a hippogriff
     4 | D        | Noticed a hippogriff
     7 | D        | Noticed a neqoxec
     7 | D        | Noticed a neqoxec
     7 | D        | Noticed a neqoxec
     7 | D        | Noticed a neqoxec
    11 | D        | Gained mutation: You are dopey. (Int -2) [a neqoxec]
    17 | D        | Killed a neqoxec
    17 | D        | Reached skill level 1 in Armour
    17 | D        | Reached skill level 7 in Stealth
    17 | D        | Reached skill level 5 in Spellcasting
    17 | D        | Reached skill level 5 in Hexes
    17 | D        | Reached XP level 2. HP: 13/15 MP: 5/9
    17 | D        | Reached XP level 3. HP: 15/18 MP: 6/11
    17 | D        | Reached XP level 4. HP: 18/23 MP: 6/12
    20 | D        | Gained mutation: You are clumsy. (Dex -2) [a neqoxec]
    24 | D        | Gained mutation: Your spells are a little easier to cast, but a little less powerful. [a neqoxec]
    26 | D        | Gained mutation: Your spells are easier to cast, but less powerful. [a neqoxec]
    26 | D        | Gained mutation: Armour fits poorly on your strangely shaped body. [a neqoxec]
    28 | D        | Killed a neqoxec
    28 | D        | Reached skill level 5 in Short Blades
    28 | D        | Reached skill level 9 in Stealth
    28 | D        | Reached XP level 5. HP: 4/27 MP: 6/15
    28 | D        | Slain by a neqoxec

Vault maps used:
D:        the_violet_keep_of_menkaure

Skill      XL: |  1  2  3  4 |
---------------+-------------+-----
Fighting       | 2 |  2.6
Short Blades   | 4 5 |  5.7
Armour         | 1 2 |  2.4
Dodging        | 6 8 |  8.0
Stealth        | 7 9 |  9.3
Spellcasting   | 5 6 |  6.8
Hexes          | 5 |  5.7

Action                   |  1- 3 |  4- 6 || total
-------------------------+-------+-------++-------
Melee: Dagger            |     9 |    10 ||    19
  Use: Potion            |     1 |       ||     1
